TOP OF THE 1ST |
Warwick Hunchbacks batting - Pitching for Brinkley Belugas : RHP John Alvarado
|
Pitching: RHP John Alvarado
|
|
Batting: RHB Greg Robinson
|
0-0: SINGLE (Line Drive, 56D)
|
Batting: LHB Dave Harris
|
0-0: Called Strike 0-1: Fly out, F8 (Flyball, 8LM)
|
Batting: RHB Chris Simons
|
0-0: SINGLE (Line Drive, 7LS) Greg Robinson to second
|
Batting: RHB Tim Godwin
|
0-0: Ball 1-0: Foul Ball, location: 2F 1-1: Foul Ball, location: 2F 1-2: Foul Ball, location: 2F 1-2: Ball 2-2: Foul Ball, location: 2F 2-2: Grounds into double play, 5-4-3 (Groundball, 56)
|
Top of the 1st over - 0 run(s), 2 hit(s), 0 error(s), 1 left on base; Warwick 0 - Brinkley 0 |
BOTTOM OF THE 1ST |
Brinkley Belugas batting - Pitching for Warwick Hunchbacks : RHP Louis McDowell
|
Pitching: RHP Louis McDowell
|
|
Batting: RHB Carlos Salinas
|
0-0: Ball 1-0: Swinging Strike 1-1: Ground out 5-3 (Groundball, 5S)
|
Batting: SHB Edgar Cantú
|
0-0: Called Strike 0-1: Foul Ball, location: 2F 0-2: Ball 1-2: Ball 2-2: Strikes out swinging
|
Batting: RHB Cullen Spencer
|
0-0: Ball 1-0: Ball 2-0: SINGLE (Groundball, 23) (infield hit)
|
Pinch Runner at 1st Alberto Morales:
|
|
Batting: RHB Pedro Peña
|
0-0: Ball 1-0: Called Strike 1-1: Ball 2-1: Foul Ball, location: 2F 2-2: Strikes out looking
|
Bottom of the 1st over - 0 run(s), 1 hit(s), 0 error(s), 1 left on base; Warwick 0 - Brinkley 0 |
TOP OF THE 2ND |
Warwick Hunchbacks batting - Pitching for Brinkley Belugas : RHP John Alvarado
|
Now at 1B: Alberto Morales
|
|
Batting: LHB Ted Cracknell
|
0-0: Called Strike 0-1: Swinging Strike 0-2: Ball 1-2: Ball 2-2: Reached on error, E4 (Groundball, 4)
|
Batting: RHB Julián Rocha
|
0-0: Called Strike 0-1: Ball 1-1: Ball 2-1: Ball 3-1: Base on Balls Ted Cracknell to second
|
Batting: RHB Ronald Sánchez
|
0-0: Called Strike 0-1: Foul Ball, location: 2F 0-2: Ball 1-2: Ball 2-2: Strikes out looking
|
Batting: LHB Javier Pérez
|
0-0: Ball 1-0: Foul Ball, location: 2F 1-1: Fielders Choice at 2nd, 6-4 (Groundball, 6) Ted Cracknell to third
|
Batting: RHB On Seow
|
0-0: Called Strike 0-1: Ball 1-1: Ball 2-1: Called Strike 2-2: Strikes out swinging
|
Top of the 2nd over - 0 run(s), 0 hit(s), 1 error(s), 2 left on base; Warwick 0 - Brinkley 0 |
BOTTOM OF THE 2ND |
Brinkley Belugas batting - Pitching for Warwick Hunchbacks : RHP Louis McDowell
|
Batting: LHB George Wilcox
|
0-0: Called Strike 0-1: Ball 1-1: Ball 2-1: Fly out, F5 (Popup, 5L)
|
Batting: SHB Earl Holman
|
0-0: Called Strike 0-1: Ground out U3 (Groundball, 3)
|
Batting: RHB José Romano
|
0-0: Ball 1-0: Called Strike 1-1: Swinging Strike 1-2: Ball 2-2: Ball 3-2: Foul Ball, location: 2F 3-2: Base on Balls
|
Batting: RHB Max Burke
|
0-0: Called Strike 0-1: Fly out, F4 (Popup, 4D)
|
Bottom of the 2nd over - 0 run(s), 0 hit(s), 0 error(s), 1 left on base; Warwick 0 - Brinkley 0 |
TOP OF THE 3RD |
Warwick Hunchbacks batting - Pitching for Brinkley Belugas : RHP John Alvarado
|
Batting: RHB Greg Robinson
|
0-0: Ball 1-0: Ball 2-0: Called Strike 2-1: Foul Ball, location: 2F 2-2: Ball 3-2: Strikes out swinging
|
Batting: LHB Dave Harris
|
0-0: Ball 1-0: Called Strike 1-1: Swinging Strike 1-2: SINGLE (Line Drive, 4D)
|
Batting: RHB Chris Simons
|
0-0: Ball Wild Pitch! Dave Harris to second 1-0: Called Strike Dave Harris steals 3rd base 1-1: Called Strike 1-2: Foul Ball, location: 2F 1-2: Fly out, F8 (Flyball, 8RD) Runner from 3rd tags up, SCORES, no throw
|
Batting: RHB Tim Godwin
|
0-0: Ball 1-0: SINGLE (Groundball, 56D)
|
Batting: LHB Ted Cracknell
|
0-0: Swinging Strike 0-1: Swinging Strike 0-2: Ball 1-2: Ball 2-2: Ground out 1-3 (Groundball, 13)
|
Top of the 3rd over - 1 run(s), 2 hit(s), 0 error(s), 1 left on base; Warwick 1 - Brinkley 0 |
BOTTOM OF THE 3RD |
Brinkley Belugas batting - Pitching for Warwick Hunchbacks : RHP Louis McDowell
|
Batting: RHB Dave Nichols
|
0-0: Ball 1-0: Swinging Strike 1-1: Foul Ball, location: 2F 1-2: Strikes out swinging
|
Batting: RHB Carlos Salinas
|
0-0: Called Strike 0-1: Fly out, F8 (Flyball, 89M)
|
Batting: SHB Edgar Cantú
|
0-0: Ball 1-0: Called Strike 1-1: Ball 2-1: Fly out, F9 (Flyball, 9M)
|
Bottom of the 3rd over - 0 run(s), 0 hit(s), 0 error(s), 0 left on base; Warwick 1 - Brinkley 0 |
TOP OF THE 4TH |
Warwick Hunchbacks batting - Pitching for Brinkley Belugas : RHP John Alvarado
|
Batting: RHB Julián Rocha
|
0-0: Swinging Strike 0-1: Ball 1-1: Ground out 6-3 (Groundball, 6M)
|
Batting: RHB Ronald Sánchez
|
0-0: Ball 1-0: DOUBLE (Line Drive, 8LM)
|
Batting: LHB Javier Pérez
|
0-0: Called Strike 0-1: Ball 1-1: Ball 2-1: Ground out U3 (Groundball, 3L) Ronald Sánchez to third
|
Batting: RHB On Seow
|
0-0: Fly out, F9 (Flyball, 89M)
|
Top of the 4th over - 0 run(s), 1 hit(s), 0 error(s), 1 left on base; Warwick 1 - Brinkley 0 |
BOTTOM OF THE 4TH |
Brinkley Belugas batting - Pitching for Warwick Hunchbacks : RHP Louis McDowell
|
Batting: RHB Alberto Morales
|
0-0: Ball 1-0: Called Strike 1-1: Ball 2-1: Ball 3-1: Base on Balls
|
Batting: RHB Pedro Peña
|
0-0: Swinging Strike 0-1: Foul Ball, location: 2F 0-2: Ball 1-2: Ball 2-2: Ball 3-2: Grounds into double play, 6-4-3 (Groundball, 6M)
|
Batting: LHB George Wilcox
|
0-0: Ball 1-0: Foul Ball, location: 2F 1-1: Ball 2-1: Called Strike 2-2: Foul Ball, location: 2F 2-2: Foul Ball, location: 2F 2-2: Ball 3-2: SOLO HOME RUN (Flyball, 78XD), Distance : 409 ft
|
Batting: SHB Earl Holman
|
0-0: Ground out 3-1 (Groundball, 34S)
|
Bottom of the 4th over - 1 run(s), 1 hit(s), 0 error(s), 0 left on base; Warwick 1 - Brinkley 1 |
TOP OF THE 5TH |
Warwick Hunchbacks batting - Pitching for Brinkley Belugas : RHP John Alvarado
|
Batting: RHB Greg Robinson
|
0-0: Ball 1-0: Ground out 1-3 (Groundball, 15)
|
Batting: LHB Dave Harris
|
0-0: Ball 1-0: Called Strike 1-1: Ball 2-1: Ball 3-1: Base on Balls
|
Batting: RHB Chris Simons
|
0-0: Ball 1-0: Foul Ball, location: 2F 1-1: Called Strike 1-2: Strikes out swinging
|
Batting: RHB Tim Godwin
|
0-0: Ground out 5-3 (Groundball, 56S)
|
Top of the 5th over - 0 run(s), 0 hit(s), 0 error(s), 1 left on base; Warwick 1 - Brinkley 1 |
BOTTOM OF THE 5TH |
Brinkley Belugas batting - Pitching for Warwick Hunchbacks : RHP Louis McDowell
|
Batting: RHB José Romano
|
0-0: Ball 1-0: Fly out, F7 (Line Drive, 78M)
|
Batting: RHB Max Burke
|
0-0: Called Strike 0-1: Foul Ball, location: 2F 0-2: Ball 1-2: Ball 2-2: Ball 3-2: SINGLE (Groundball, 34D)
|
Batting: RHB Dave Nichols
|
0-0: Ball 1-0: Ball 2-0: Ball 3-0: Base on Balls Max Burke to second
|
Batting: RHB Carlos Salinas
|
0-0: Ball 1-0: Ball 2-0: Called Strike 2-1: Ball 3-1: SINGLE (Line Drive, 3L) Max Burke to third Dave Nichols to second
|
Batting: SHB Edgar Cantú
|
0-0: Foul Ball, location: 2F 0-1: Ball 1-1: Ball 2-1: Ball 3-1: Called Strike 3-2: Grounds into double play, 1-2-3 (Groundball, 13S)
|
Bottom of the 5th over - 0 run(s), 2 hit(s), 0 error(s), 2 left on base; Warwick 1 - Brinkley 1 |
TOP OF THE 6TH |
Warwick Hunchbacks batting - Pitching for Brinkley Belugas : RHP John Alvarado
|
Batting: LHB Ted Cracknell
|
0-0: Ball 1-0: Called Strike 1-1: Ball 2-1: Swinging Strike 2-2: Ball 3-2: Base on Balls
|
Batting: RHB Julián Rocha
|
0-0: Ball 1-0: Sac Bunt - play at second, runner OUT! 1-6
|
Batting: RHB Ronald Sánchez
|
0-0: Ball Julián Rocha steals 2nd base 1-0: Ball 2-0: Foul Ball, location: 2F 2-1: Fly out, F9 (Flyball, 89M)
|
Batting: LHB Javier Pérez
|
0-0: Foul Ball, location: 2F 0-1: Ball 1-1: SINGLE (Groundball, 56D) Julián Rocha to third Runner from 3rd tries for Home, SAFE, no throw or cutoff
|
Batting: RHB On Seow
|
0-0: Called Strike 0-1: Ball 1-1: Ground out U3 (Groundball, 3S)
|
Top of the 6th over - 1 run(s), 1 hit(s), 0 error(s), 1 left on base; Warwick 2 - Brinkley 1 |
BOTTOM OF THE 6TH |
Brinkley Belugas batting - Pitching for Warwick Hunchbacks : RHP Louis McDowell
|
Batting: RHB Alberto Morales
|
0-0: Ball 1-0: Ball 2-0: Ground out 4-3 (Groundball, 4)
|
Batting: RHB Pedro Peña
|
0-0: Called Strike 0-1: Foul Ball, location: 2F 0-2: Strikes out looking
|
Batting: LHB George Wilcox
|
0-0: Ball 1-0: Foul Ball, location: 2F 1-1: Ball 2-1: SINGLE (Line Drive, 6MD)
|
Batting: SHB Earl Holman
|
0-0: 2-RUN HOME RUN (Flyball, 89XD), Distance : 437 ft
|
Batting: RHB José Romano
|
0-0: Ball 1-0: Called Strike 1-1: SOLO HOME RUN (Line Drive, 7LD), Distance : 364 ft
|
Batting: RHB Max Burke
|
0-0: Ball 1-0: Ball 2-0: Called Strike 2-1: SINGLE (Groundball, 34)
|
Batting: RHB Dave Nichols
|
0-0: Called Strike 0-1: Ball 1-1: Ball 2-1: SINGLE (Line Drive, 8LS) Max Burke to second
|
Batting: RHB Carlos Salinas
|
0-0: Called Strike 0-1: Ball 1-1: Swinging Strike 1-2: Ball 2-2: Ball 3-2: Foul Ball, location: 2F 3-2: Foul Ball, location: 2F 3-2: Ground out 6-3 (Groundball, 6M)
|
Bottom of the 6th over - 3 run(s), 5 hit(s), 0 error(s), 2 left on base; Warwick 2 - Brinkley 4 |
TOP OF THE 7TH |
Warwick Hunchbacks batting - Pitching for Brinkley Belugas : RHP John Alvarado
|
Batting: RHB Greg Robinson
|
0-0: SINGLE (Groundball, 56D)
|
Pitching: RHP Kirk Evans
|
|
Batting: LHB Dave Harris
|
0-0: Ball 1-0: Foul Ball, location: 2F 1-1: Ball 2-1: Fielders Choice at 2nd, 1-6 (Groundball, 25)
|
Batting: RHB Chris Simons
|
0-0: Ball 1-0: Called Strike 1-1: Ball 2-1: Foul Ball, location: 2F 2-2: Foul Ball, location: 2F 2-2: Foul Ball, location: 2F 2-2: SINGLE (Line Drive, 34D) Dave Harris to second Runner from 2nd tries for 3rd, SAFE, throw made to third
|
Batting: RHB Tim Godwin
|
0-0: Called Strike 0-1: Grounds into double play, 5-4-3 (Groundball, 56)
|
Top of the 7th over - 0 run(s), 2 hit(s), 0 error(s), 1 left on base; Warwick 2 - Brinkley 4 |
BOTTOM OF THE 7TH |
Brinkley Belugas batting - Pitching for Warwick Hunchbacks : RHP Louis McDowell
|
Batting: SHB Edgar Cantú
|
0-0: Called Strike 0-1: Ball 1-1: Foul Ball, location: 2F 1-2: Reached on error, E3 (Groundball, 34)
|
Pitching: RHP Victor Powell
|
|
Batting: RHB Alberto Morales
|
0-0: Swinging Strike 0-1: Fly out, F8 (Flyball, 8RM)
|
Batting: RHB Pedro Peña
|
0-0: Ball 1-0: Called Strike 1-1: Foul Ball, location: 2F 1-2: Strikes out looking
|
Pitching: LHP Howard Dale
|
|
Batting: LHB George Wilcox
|
0-0: Ball 1-0: Called Strike 1-1: Ground out 6-3 (Groundball, 6M)
|
Bottom of the 7th over - 0 run(s), 0 hit(s), 1 error(s), 1 left on base; Warwick 2 - Brinkley 4 |
TOP OF THE 8TH |
Warwick Hunchbacks batting - Pitching for Brinkley Belugas : RHP Kirk Evans
|
Batting: LHB Ted Cracknell
|
0-0: Ball 1-0: Foul Ball, location: 2F 1-1: Ball 2-1: Foul Ball, location: 2F 2-2: Ball 3-2: Base on Balls
|
Batting: RHB Julián Rocha
|
0-0: SINGLE (Line Drive, 89S) Ted Cracknell to second
|
Pinch Hitting: SHB Cal James
|
0-0: Ball 1-0: Ball 2-0: Called Strike 2-1: Foul Ball, location: 2F 2-2: Hit by Pitch Ted Cracknell to third Julián Rocha to second
|
Pitching: LHP Mike Blevins
|
|
Pinch Hitting: RHB Eric Russell
|
0-0: Called Strike 0-1: Called Strike 0-2: Ball 1-2: Strikes out swinging
|
Pitching: RHP Joe Flowers
|
|
Pinch Hitting: LHB Gilbert Davis
|
0-0: Called Strike 0-1: Ball 1-1: Fly out, F9 (Flyball, 89M) Throwing error, E9 Ted Cracknell scores Julián Rocha to third Cal James to second
|
Batting: RHB Greg Robinson
|
0-0: Ball 1-0: Foul Ball, location: 2F 1-1: SINGLE (Groundball, 56D) Julián Rocha scores Cal James to third Runner from 3rd tries for Home, SAFE, no throw or cutoff
|
Batting: LHB Dave Harris
|
0-0: Ball 1-0: Swinging Strike 1-1: Foul Ball, location: 2F 1-2: Fielders Choice at 2nd, 5-4 (Groundball, 56)
|
Top of the 8th over - 3 run(s), 2 hit(s), 1 error(s), 0 left on base; Warwick 5 - Brinkley 4 |
BOTTOM OF THE 8TH |
Brinkley Belugas batting - Pitching for Warwick Hunchbacks : LHP Howard Dale
|
Pitching: RHP Jim Logan
|
|
Now at C: Ron Wallace
|
|
Now at 2B: Eric Russell
|
|
Now in LF: Octávio Castaneda
|
|
Now in RF: Gilbert Davis
|
|
Batting: SHB Earl Holman
|
0-0: Fly out, F8 (Flyball, 8RM)
|
Batting: RHB José Romano
|
0-0: Ball 1-0: Called Strike 1-1: Ball 2-1: Fly out, F6 (Line Drive, 6M)
|
Batting: RHB Max Burke
|
0-0: Called Strike 0-1: Ball 1-1: Fly out, F7 (Flyball, 7LS)
|
Bottom of the 8th over - 0 run(s), 0 hit(s), 0 error(s), 0 left on base; Warwick 5 - Brinkley 4 |
TOP OF THE 9TH |
Warwick Hunchbacks batting - Pitching for Brinkley Belugas : RHP Joe Flowers
|
Pitching: RHP Enrique Rodríguez
|
|
Batting: RHB Chris Simons
|
0-0: Fly out, F8 (Flyball, 8LXD)
|
Batting: LHB Ron Wallace
|
0-0: Ball 1-0: Called Strike 1-1: Called Strike 1-2: DOUBLE (Groundball, 3L)
|
Batting: LHB Ted Cracknell
|
0-0: Called Strike 0-1: Foul Ball, location: 2F 0-2: Ball 1-2: Ball 2-2: Ball 3-2: 2-RUN HOME RUN (Flyball, 9D), Distance : 390 ft
|
Batting: RHB Julián Rocha
|
0-0: Foul Ball, location: 2F 0-1: Foul Ball, location: 2F 0-2: Ball 1-2: Foul Ball, location: 2F 1-2: Ball 2-2: Fly out, F7 (Popup, 78S)
|
Batting: RHB Octávio Castaneda
|
0-0: Called Strike 0-1: Ball 1-1: Swinging Strike 1-2: Ball 2-2: SOLO HOME RUN (Flyball, 7LD), Distance : 348 ft
|
Batting: RHB Eric Russell
|
0-0: Called Strike 0-1: Ball 1-1: Ball 2-1: Swinging Strike 2-2: SINGLE (Groundball, 13S) (infield hit)
|
Pitching: RHP Ramón Molina
|
|
Batting: LHB Gilbert Davis
|
0-0: Ball 1-0: Foul Ball, location: 2F 1-1: SINGLE (Groundball, 56D) Eric Russell to second
|
Batting: RHB Greg Robinson
|
0-0: Called Strike 0-1: Ball 1-1: Swinging Strike 1-2: Ball 2-2: Foul Ball, location: 2F 2-2: Foul Ball, location: 2F 2-2: Foul Ball, location: 2F 2-2: Strikes out swinging
|
Top of the 9th over - 3 run(s), 5 hit(s), 0 error(s), 2 left on base; Warwick 8 - Brinkley 4 |
BOTTOM OF THE 9TH |
Brinkley Belugas batting - Pitching for Warwick Hunchbacks : RHP Jim Logan
|
Pitching: RHP Jonah Weaver
|
|
Batting: RHB Dave Nichols
|
0-0: Ball 1-0: Ball 2-0: Swinging Strike 2-1: Fly out, F9 (Flyball, 89M)
|
Batting: RHB Carlos Salinas
|
0-0: Called Strike 0-1: Foul Ball, location: 2F 0-2: Ball 1-2: Ground out 4-3 (Groundball, 4M)
|
Batting: SHB Edgar Cantú
|
0-0: Swinging Strike 0-1: Ground out 6-3 (Groundball, 6)
|
Bottom of the 9th over - 0 run(s), 0 hit(s), 0 error(s), 0 left on base; Warwick 8 - Brinkley 4 |
|